 Dungeon Crawl Stone Soup version 0.28-a0-410-gbef64dd269 (webtiles) character file.

Game seed: 3138308034394771842

37 mg7810 the Sneak (level 3, -1/31 HPs)
             Began as a Draconian Delver on Sept 6, 2021.
             Slain by a water moccasin skeleton (5 damage)
             ... on level 4 of the Dungeon.
             The game lasted 00:02:25 (252 turns).

mg7810 the Sneak (Draconian Delver)                  Turns: 252, Time: 00:02:26

Health: -1/31      AC:  5    Str: 15    XL:     3   Next: 23%
Magic:  3/3        EV: 12    Int: 10    God:
Gold:   14         SH:  0    Dex: 12    Spells: 2/2 levels left

rFire   . . .      SeeInvis .   f - staff of conjuration
rCold   . . .      Faith    .   (no shield)
rNeg    . . .      Spirit   .   (armour unavailable)
rPois   .          Reflect  .   (helmet restricted)
rElec   .          Harm     .   (no cloak)
rCorr   .          Rampage  .   (no gloves)
Will    .....                   (no boots)
Stlth   +++.......              h - amulet of regeneration
HPRegen 1.10/turn               (no ring)
MPRegen 0.08/turn               (no ring)

@: no status effects
A: AC +5, unfitting armour, cold-blooded
a: no special abilities


You were on level 4 of the Dungeon.
You visited 1 branch of the dungeon, and saw 2 of its levels.

You collected 14 gold pieces.

Inventory:

Magical Staves
 f - a staff of conjuration (weapon)
Jewellery
 h - an amulet of regeneration (around neck)
Wands
 e - a wand of digging (3)
Scrolls
 a - a scroll of fog
 b - a scroll of magic mapping
 c - a scroll of fear


   Skills:
 + Level 3.5 Fighting
 * Level 0.1 Staves
 + Level 1.8 Dodging
 + Level 5.1 Stealth
 + Level 2.1 Unarmed Combat
 * Level 0.1 Spellcasting
 * Level 0.1 Conjurations
 * Level 1.0 Evocations


You had 2 spell levels left.
You didn't know any spells.
Your spell library was empty.

Dungeon Overview and Level Annotations

Branches:
Dungeon (5/15)
 Temple: D:4-7

Altars:


Innate Abilities, Weirdness & Mutations

Your plain brown scales are hard. (AC +5)
You cannot fit into any form of body armour.
You are cold-blooded and may be slowed by cold attacks.


Message History

You hit the water moccasin skeleton.
You tail-slap the water moccasin skeleton.
The water moccasin skeleton is heavily damaged.
The water moccasin skeleton closely misses you.
You hit the water moccasin skeleton.
The water moccasin skeleton is heavily damaged.
The water moccasin skeleton barely misses you.
You hit the water moccasin skeleton.
The water moccasin skeleton is severely damaged.
The water moccasin skeleton closely misses you.
The water moccasin skeleton bites you.
You hit the water moccasin skeleton.
Your tail-slap misses the water moccasin skeleton.
The water moccasin skeleton is almost destroyed.
The water moccasin skeleton bites you.
You barely miss the water moccasin skeleton.
The water moccasin skeleton is almost destroyed.
The water moccasin skeleton bites you. x2
* * * LOW HITPOINT WARNING * * *
You barely miss the water moccasin skeleton.
Your tail-slap misses the water moccasin skeleton.
The water moccasin skeleton is almost destroyed.
The water moccasin skeleton bites you.
* * * LOW HITPOINT WARNING * * *
You barely miss the water moccasin skeleton.
The water moccasin skeleton is almost destroyed.
The water moccasin skeleton bites you.
* * * LOW HITPOINT WARNING * * *
You hit the water moccasin skeleton.
The water moccasin skeleton is almost destroyed.
The water moccasin skeleton bites you.
* * * LOW HITPOINT WARNING * * *
The water moccasin skeleton barely misses you.
You aren't carrying any potions.
As you read the scroll labelled FUTUDO JEGOEG, it crumbles to dust.
It is a scroll of amnesia.
You feel forgetful for a moment. The water moccasin skeleton bites you.
* * * LOW HITPOINT WARNING * * *
The water moccasin skeleton bites you.
You die...

.. #### ##.#.# ..# #.....
... #..#.# #.# #.#... #.#
#.##.# ##.## #.##.#####
.#####...####.##.....#####
.........Z@......###.#...#
######...####.#..# #...#.#
##.## #.##.###.#.#.## #.#
##.##.......#... #.#
#........####### #.#
#..####.....#... #........
#.###.#... #### #..# #.#
.#... #..#. #.# #.....


You could see a water moccasin skeleton.

Vanquished Creatures
  A hound (D:4)
  An adder (D:4)
2 creatures vanquished.

Notes
Turn   | Place    | Note
-------+----------+-------------------------------------------
     0 | D:5      | mg7810 the Draconian Delver began the quest for the Orb.
     0 | D:5      | Reached XP level 1. HP: 19/19 MP: 1/1
     3 | D:5      | Noticed a hound
    84 | D:5      | Noticed a hound
   104 | D:4      | Killed a hound
   105 | D:4      | Reached skill level 5 in Stealth
   105 | D:4      | Reached XP level 2. HP: 25/26 MP: 2/2
   178 | D:4      | Reached skill level 1 in Evocations
   178 | D:4      | Reached XP level 3. HP: 18/31 MP: 3/3
   249 | D:4      | HP: 1/31 [water moccasin skeleton (4)]
   252 | D:4      | Slain by a water moccasin skeleton

Illustrated notes

Levels and vault maps discovered:
D:4:      layout_loops_ring, kennysheep_mini, vehumet_altar_wand_db
D:5:      layout_basic, hangedman_abyss_or_decor_stabs

Skill      XL: |  1  2 |
---------------+-------+-----
Stealth        | 5 |  5.1
Evocations     | 1 |  1.0
Fighting       | |  3.5
Staves         | |  0.1
Dodging        | |  1.8
Unarmed Combat | |  2.1
Spellcasting   | |  0.1
Conjurations   | |  0.1

Action                   || total
-------------------------++-------
Melee: Unarmed           ||     6
       Tailslap          ||     6
       Staff             ||    26
  Use: Potion            ||     2
       Scroll            ||     1
 Stab: Sleeping          ||     1
Armor: Skin              ||     7
Dodge: Dodged            ||    24

Table legend: (Time is in decaauts)
 A = Elapsed time spent in this place.
 B = Non-inter-level travel time spent in this place.
 C = Inter-level travel time spent in this place.
 D = Time resting spent in this place.
 E = Time spent auto-exploring this place.
 F = Levels seen in this place.
 G = Mean time per level.
                   A        B        C        D        E       F      G
               +--------+--------+--------+--------+--------+-----+--------+
         Total |    246 |    246 |      0 |      0 |     64 |   2 |  123.0 |
       Dungeon |    246 |    246 |      0 |      0 |     64 |   2 |  123.0 |
               +--------+--------+--------+--------+--------+-----+--------+

Top non-repeatable levels by time:
     D:4: 154 daAuts
     D:5: 92 daAuts
